 Dungeon Crawl Stone Soup version 0.20.1-1-g8b1a95d (webtiles) character file.

231 zaRGo the Chopper (level 5, -6/48 HPs)
             Began as a Minotaur Berserker on Nov 24, 2017.
             Was a Priest of Trog.
             Killed by nerve-wracking pain
             ... invoked by an orc priest
              (13 damage)
             ... on level 4 of the Dungeon.
             The game lasted 00:14:14 (3276 turns).

zaRGo the Chopper (Minotaur Berserker)              Turns: 3276, Time: 00:14:15

Health: -6/48      AC: 11    Str: 21    XL:     5   Next: 73%
Magic:  4/4        EV:  7    Int:  4    God:    Trog [***...]
Gold:   124        SH:  0    Dex: 11    Spells: 4/4 levels left

rFire    . . .     SeeInvis .   r - +0 war axe
rCold    . . .     Gourm    .   (no shield)
rNeg     . . .     Faith    .   l - +0 plate armour
rPois    .         Spirit   .   (helmet restricted)
rElec    .         Reflect  .   (no cloak)
rCorr    .         Harm     .   (no gloves)
MR       .....                  (no boots)
Stlth    ..........             (no amulet)
Regen    0.2/turn               (no ring)
MPRegen  0.1/turn               (no ring)

@: berserk cooldown, very slightly contaminated, slowed, invisible, very slow
A: retaliatory headbutt, horns 2
a: Berserk, Trog's Hand, Burn Spellbooks, Renounce Religion


You were on level 4 of the Dungeon.
You worshipped Trog.
Trog was most pleased with you.
You were very hungry.

You visited 1 branch of the dungeon, and saw 4 of its levels.

You collected 124 gold pieces.

Inventory:

Hand Weapons
 p - a +0 morningstar
 r - a +0 war axe (weapon)
Armour
 l - a +0 plate armour (worn)
Jewellery
 g - an uncursed ring of fire {unknown}
 k - an uncursed ring of protection from fire {unknown}
Wands
 n - a wand of lightning (4/15)
Scrolls
 a - 3 scrolls of enchant armour {unknown}
 e - a scroll of magic mapping {unknown}
 f - 2 scrolls of remove curse {unknown}
 h - a scroll of identify {unknown}
Potions
 i - a potion of invisibility
 j - a potion of curing {unknown}
 m - a potion of ambrosia {unknown}
 o - a potion of degeneration {unknown}
Comestibles
 c - a bread ration
 d - 6 fruits
 q - 2 meat rations


   Skills:
 + Level 5.1 Fighting
 * Level 5.1 Axes
 - Level 4.1 Armour
 - Level 3.5 Dodging


You had 4 spell levels left.
You didn't know any spells.

Dungeon Overview and Level Annotations

Branches:
Dungeon (4/15)
 Temple: D:4-7

Altars:
Qazlal


Innate Abilities, Weirdness & Mutations

You reflexively headbutt those who attack you in melee.
You have a pair of horns on your head.


Message History

The orc priest is moderately wounded.
You are no longer berserk.
You are exhausted.
You feel yourself slow down.
The orc priest hits you but does no damage.
You closely miss the orc priest.
The orc priest is moderately wounded.
The orc priest invokes the aid of Beogh against you.
Beogh smites you!
* * * LOW HITPOINT WARNING * * *
The orc priest hits you with a short sword.
* * * LOW HITPOINT WARNING * * *
A howler monkey skeleton comes into view.
It was a potion of invisibility.
You fade into invisibility!
The orc priest hits you but does no damage.
You are very lightly contaminated with residual magic.
The orc priest mumbles some strange prayers to Beogh against something.
Pain shoots through your body!
You die...

############## .
#..........@.# ...
#.##########.###.....
##............o....Z..
###
#.............###.....
..###...#########.#
... ........# #.. %
#.###..## #.# #[# #..#
#.# ### #..# #.#


You could see an orc priest.

Vanquished Creatures
  An orc wizard (D:4)
  A bullfrog skeleton (D:3)
  A worker ant (D:3)
  A gnoll (D:3)
  6 adders (D:3)
  4 worms
  A dart slug (D:1)
  4 leopard geckos
  5 orcs
  7 goblins
  10 hobgoblins
  6 kobolds
  3 quokkas
  3 ball pythons
  3 bats (D:3)
  5 frilled lizards
  4 rats
65 creatures vanquished.

Notes
Turn   | Place    | Note
-------+----------+-------------------------------------------
     0 | D:1      | zaRGo the Minotaur Berserker began the quest for the Orb.
     0 | D:1      | Reached XP level 1. HP: 19/19 MP: 0/0
   328 | D:1      | Reached XP level 2. HP: 26/27 MP: 1/1
  1302 | D:2      | Found a stormy altar of Qazlal.
  1323 | D:2      | Reached ** piety under Trog
  1361 | D:2      | Reached XP level 3. HP: 33/33 MP: 2/2
  2139 | D:3      | Reached XP level 4. HP: 36/41 MP: 3/3
  2380 | D:3      | Reached XP level 5. HP: 38/47 MP: 4/4
  3264 | D:4      | Reached skill level 5 in Fighting
  3265 | D:4      | Reached skill level 5 in Axes
  3268 | D:4      | Reached *** piety under Trog
  3276 | D:4      | Killed from afar by an orc priest

Skill      XL: |  1  2  3  4  5 |
---------------+----------------+-----
Armour         | 3 4 |  4.1
Fighting       | 4 5 |  5.1
Axes           | 4 5 |  5.1
Dodging        | 3 |  3.5

Action                   |  1- 3 |  4- 6 || total
-------------------------+-------+-------++-------
Melee: Hand axe          |    88 |    59 ||   147
       Headbutt          |    12 |    17 ||    29
       War axe           |       |    20 ||    20
Invok: Berserk           |     2 |     3 ||     5
  Use: Potion            |       |     1 ||     1
  Eat: Chunk             |     6 |     5 ||    11
Armor: Animal skin       |    16 |    10 ||    26
       Plate armour      |       |     4 ||     4
Dodge: Dodged            |    31 |    48 ||    79
